 Dungeon Crawl Stone Soup version 0.27.1-33-g824d729ab1 (webtiles) character file.

Game seed: 14587940930037933467

98 Destapler the Shield-Bearer (level 5, 0/42 HPs)
             Began as a Formicid Fighter on Dec 20, 2021.
             Was a Follower of Wu Jian.
             Killed by nerve-wracking pain
             ... invoked by an orc priest
              (10 damage)
             ... on level 3 of the Dungeon on Dec 22, 2021.
             The game lasted 00:10:06 (2347 turns).

Destapler the Shield-Bearer (Formicid Fighter)      Turns: 2347, Time: 00:10:07

Health: 0/42       AC:  7    Str: 22    XL:     5   Next: 1%
Magic:  0/5        EV:  8    Int:  7    God:    Wu Jian [*.....]
Gold:   17         SH:  9    Dex: 10    Spells: 4/4 levels left

rFire    . . .     SeeInvis +   a - +0 long sword
rCold    . . .     Faith    .   c - +0 kite shield
rNeg     . . .     Spirit   +   b - +0 scale mail
rPois    .         Reflect  .   (helmet unavailable)
rElec    .         Harm     .   (no cloak)
rCorr    .         Rampage  .   (no gloves)
Will     .....                  (no boots)
Stlth    ..........             p - amulet of guardian spirit
HPRegen  0.14/turn              (no ring)
MPRegen  0.09/turn              (no ring)

@: mighty
A: permanent stasis, dig shafts and tunnels, antennae 3, four strong arms
a: Dig, Shaft Self, Renounce Religion


You were on level 3 of the Dungeon.
You worshipped Wu Jian.
Wu Jian was aware of your devotion.
You visited 1 branch of the dungeon, and saw 3 of its levels.

You collected 77 gold pieces.
You spent 60 gold pieces at shops.

Inventory:

Hand Weapons
 a - a +0 long sword (weapon)
Missiles
 f - 2 atropa-tipped darts
 i - 19 poisoned darts (quivered)
 j - 8 javelins
Armour
 b - a +0 scale mail (worn)
 c - a +0 kite shield (worn)
Jewellery
 p - an amulet of guardian spirit (around neck)
Scrolls
 e - a scroll of acquirement {unknown}
 g - 2 scrolls of fog {unknown}
 m - a scroll of identify {unknown}
 n - a scroll of fear {unknown}
Potions
 d - a potion of might
 h - a potion of magic {unknown}
 k - 2 potions of mutation {unknown}
 l - a potion of resistance {unknown}
 o - a potion of flight {unknown}
 q - a potion of heal wounds


   Skills:
 + Level 3.7 Fighting
 - Level 2.0 Long Blades
 + Level 1.2 Throwing
 + Level 3.7 Armour
 + Level 1.1 Dodging
 + Level 1.7 Stealth
 + Level 4.1 Shields
 + Level 1.2 Evocations


You had 4 spell levels left.
You didn't know any spells.
Your spell library was empty.

Dungeon Overview and Level Annotations

Branches:
Dungeon (3/15)

Altars:
Wu Jian

Shops:
D:3 !


Innate Abilities, Weirdness & Mutations

You cannot be hasted, slowed, berserked, paralysed or teleported.
You can dig through walls and to a lower floor.
You have a pair of large antennae on your head. (SInv)
Your four strong arms can wield two-handed weapons with a shield.


Message History

No target in view!
An orc priest comes into view.
It is wielding a +2 hand axe of flaming.
The orc priest shouts!
There is an open door here.
You close the door.
You start resting.
Magic restored.
You start resting.
An orc priest is nearby!
You spin and attack the orc priest.
Your shield and scale mail prevent you from hitting the orc priest.
The orc priest casts a cantrip, but nothing happens.
You spin and attack the orc priest.
You hit the orc priest but do no damage.
The orc priest completely misses you.
You throw a poisoned dart. The poisoned dart hits the orc priest.
The orc priest mumbles some strange prayers to Beogh against you.
Beogh smites you!
You hear a shout!
You throw a poisoned dart.
The poisoned dart closely misses the orc priest.
You hear a shout!
The orc priest hits you with a +2 hand axe of flaming.
The orc priest burns you.
You throw a poisoned dart.
The poisoned dart completely misses the orc priest.
The orc priest closely misses you.
The orc priest mumbles some strange prayers to Beogh against you.
Pain shoots through your body!
* * * LOW HITPOINT WARNING * * *
You hit the orc priest.
The orc priest is moderately wounded.
The orc priest hits you with a +2 hand axe of flaming.
* * * LOW HITPOINT WARNING * * *
The orc priest burns you.
* * * LOW HITPOINT WARNING * * *
You feel very mighty all of a sudden.
The orc priest invokes the aid of Beogh against you.
Pain shoots through your body!
You die...

#...<..# ######.#.###.##.#
# .......#
#.........#.###.# ####.#.#
#.####...#.####.#
####.#.####.####...###....#
..............).....(.# #..
.......{###..{#.......# .#.
##....{.......#..o....#
#.##...####.####o..###
#.#.......o..#.@.....#
#..###.####..#...#...# #.#
##.# #..###+#+### #.#
#....#.....# #.#
#.##.#.....# #..
###.#...### #.#.....#
..#.....# #...###+#


You could see an orc priest and an orc.

Vanquished Creatures
  A hound (D:3)
  2 adders
  3 worms (D:3)
  2 dart slugs (D:1)
  5 ball pythons
  4 bats
  A giant cockroach (D:3)
  3 goblins (D:1)
  3 hobgoblins
  4 jackals (D:3)
  2 kobolds
  A quokka (D:1)
  2 frilled lizards
  5 rats
38 creatures vanquished.

Notes
Turn   | Place    | Note
-------+----------+-------------------------------------------
     0 | D:1      | Destapler the Formicid Fighter began the quest for the Orb.
     0 | D:1      | Reached XP level 1. HP: 18/18 MP: 1/1
   164 | D:1      | Reached XP level 2. HP: 24/24 MP: 2/2
   717 | D:1      | Reached XP level 3. HP: 29/29 MP: 3/3
  1049 | D:2      | Reached skill level 1 in Stealth
  1234 | D:2      | Found a faded altar of an unknown god.
  1278 | D:2      | Became a worshipper of the Wu Jian Council
  1278 | D:2      | Reached * piety under Wu Jian
  2168 | D:3      | Reached skill level 4 in Shields
  2168 | D:3      | Reached XP level 4. HP: 36/36 MP: 4/4
  2174 | D:3      | Found Vyofomes's Distillery.
  2185 | D:3      | Reached skill level 1 in Evocations
  2186 | D:3      | Bought a potion of degeneration for 10 gold pieces
  2186 | D:3      | Bought a potion of heal wounds for 50 gold pieces
  2245 | D:3      | Reached skill level 1 in Throwing
  2264 | D:3      | Reached skill level 1 in Dodging
  2317 | D:3      | Reached XP level 5. HP: 29/42 MP: 3/5
  2347 | D:3      | Killed from afar by an orc priest

Illustrated notes

Levels and vault maps discovered:
D:1:      minmay_arrival_stone_box, layout_basic
D:2:      layout_loops_ring, chequers_ecumenical_altar_twisty
D:3:      layout_loops_ring, hangedman_ru_absence, serial_shops, shop,
          nicolae_shop_statue_plus, nicolae_shop_temple_entry_statues_fountains,
          uniq_sigmund

Skill      XL: |  1  2  3  4 |
---------------+-------------+-----
Stealth        | 1 |  1.7
Shields        | 4 |  4.1
Evocations     | 1 |  1.2
Throwing       | 1 |  1.2
Dodging        | 1 |  1.1
Fighting       | |  3.7
Long Blades    | |  2.0
Armour         | |  3.7

Action                   |  1- 3 |  4- 6 || total
-------------------------+-------+-------++-------
Melee: Long sword        |    70 |    54 ||   124
Throw: Dart              |     6 |     3 ||     9
Invok: Lunge             |     1 |     1 ||     2
       Whirlwind         |       |     2 ||     2
 Abil: Dig               |     3 |       ||     3
  Use: Potion            |       |     1 ||     1
Armor: Scale mail        |    31 |    28 ||    59
Dodge: Dodged            |    22 |    31 ||    53
Block: Kite shield       |    32 |    31 ||    63
       Rpst.: Long sword |     7 |    12 ||    19
